 Dungeon Crawl Stone Soup version 0.25-a0-855-g681bda5bb4 (webtiles) character file.

Game seed: 6225195956588329929, levelgen mode: deterministic

179 Maedhros the Charlatan (level 5, -2/33 HPs)
             Began as an Octopode Artificer on Apr 26, 2020.
             Slain by a river rat (7 damage)
             ... on level 4 of the Dungeon.
             The game lasted 00:03:20 (485 turns).

Maedhros the Charlatan (Octopode Artificer)          Turns: 485, Time: 00:03:20

Health: -2/33      AC:  1    Str: 12    XL:     5   Next: 59%
Magic:  8/8        EV: 13    Int: 13    God:
Gold:   41         SH:  0    Dex: 13    Spells: 4/4 levels left

rFire    . . .     SeeInvis .     - Unarmed
rCold    . . .     Gourm    .   (no shield)
rNeg     . . .     Faith    .   (helmet restricted)
rPois    .         Spirit   .   (no amulet)
rElec    .         Reflect  .   (no ring)
rCorr    .         Harm     .   (no ring)
MR       .....     Clarity  +   (no ring)
Stlth    ++++......             (no ring)
HPRegen  0.11/turn              (no ring)
MPRegen  0.11/turn              (no ring)
                                (no ring)
                                (no ring)

@: no status effects
A: almost no armour, stealthy swim, amphibious, 8 rings, constrict 8, tentacle
spike 1, camouflage 1, clarity, wild magic 1, gelatinous body 1
a: no special abilities


You were on level 4 of the Dungeon.
You were not hungry.

You visited 1 branch of the dungeon, and saw 4 of its levels.

You collected 41 gold pieces.

Inventory:

Missiles
 j - 13 poisoned darts (quivered)
Wands
 b - a wand of flame (11)
 c - a wand of enslavement (11)
 d - a wand of random effects (12)
Scrolls
 e - a scroll of identify {unknown}
 g - a scroll of remove curse {unknown}
 i - a scroll of fog {unknown}
Comestibles
 f - 3 rations


   Skills:
 - Level 1.0 Fighting
   Level 1.0 Short Blades
 - Level 2.0 Dodging
 - Level 4.0 Stealth
 + Level 3.8 Unarmed Combat
 - Level 4.0 Evocations


You had 4 spell levels left.
You didn't know any spells.
Your spell library was empty.

Dungeon Overview and Level Annotations

Branches:
Dungeon (4/15)
 Temple: D:4-7

Altars:

Annotations:
D:2 Natasha


Innate Abilities, Weirdness & Mutations

You cannot wear most types of armour.
You are very stealthy in the water. (Stealth+)
You are amphibious.
You can wear up to eight rings at the same time.
You can use your tentacles to constrict eight enemies at once.
Your skin changes colour to match your surroundings (Stealth+).
Your rubbery body absorbs attacks. (AC +1, EV +1)
One of your tentacles bears a spike.
You possess an exceptional clarity of mind.
Your spells are a little harder to cast, but a little more powerful.


Message History

You grab the river rat. You squeeze the river rat.
The river rat is moderately wounded.
You constrict the river rat, but do no damage.
The river rat bites you!
* * * LOW HITPOINT WARNING * * *
You barely miss the river rat.
Your tentacle spike misses the river rat.
The river rat is moderately wounded.
You constrict the river rat. The river rat closely misses you.
Unknown command.
Evoke which item? (* to show all) (? for menu, Esc to quit)
Aiming: Throw Flame
Press: ? - help, Shift-Dir - straight line, f - river rat
Aim: a river rat (moderately wounded, constricted by you)
The puff of flame hits the river rat but does no damage.
The river rat is moderately wounded.
You constrict the river rat.
The river rat is engulfed in a cloud of scalding steam.
The river rat bites you!
You die...

#....## ..##.#.#######.
#......<....... ####.#.########
...#.# ##. #####.# #..#### #.#
#########≈≈...# #.#
#†r≈≈≈≈≈#≈≈≈..# #.#
######@#######≈#...# #.#
#...#≈≈≈≈≈†≈≈#≈≈≈..#### #.#
#.##########≈#≈#†...... .#
##.###.### #≈≈≈≈†#≈≈≈≈..### .#
##........#≈S≈≈#≈#≈#≈#≈...##. .##
#.....#.##### #≈#≈#≈#≈...##.
..####...##.# r≈#≈≈≈#....##.
..#.........##############....##.
..).###.###.........# ####....


You could see a river rat.

Vanquished Creatures
  A phantom (D:4)
  A worker ant (D:4)
  A hound skeleton (D:4)
  2 adders (D:4)
  A river rat (D:4)
  An adder skeleton (D:4)
  2 worms (D:4)
  3 orcs (D:4)
  A giant cockroach (D:1)
  A goblin (D:1)
  A hobgoblin (D:2)
  A frilled lizard (D:4)
  2 rats (D:4)
18 creatures vanquished.

Vanquished Creatures (collateral kills)
  A ball python (D:2)
  A goblin (D:2)
  A kobold (D:2)
  A rat (D:2)
4 creatures vanquished.

Grand Total: 22 creatures vanquished

Notes
Turn   | Place    | Note
-------+----------+-------------------------------------------
     0 | D:1      | Maedhros the Octopode Artificer began the quest for the
                  | Orb.
     0 | D:1      | Reached XP level 1. HP: 13/13 MP: 3/3
    39 | D:2      | Noticed Natasha
    83 | D:2      | Reached XP level 2. HP: 12/18 MP: 4/4
   190 | D:4      | Noticed a phantom
   202 | D:4      | Killed a phantom
   202 | D:4      | Reached XP level 3. HP: 19/23 MP: 4/6
   202 | D:4      | Reached XP level 4. HP: 23/28 MP: 4/7
   265 | D:4      | Reached XP level 5. HP: 29/33 MP: 8/8
   375 | D:4      | Gained mutation: Your spells are a little harder to cast,
                  | but a little more powerful. [potion of mutation]
   375 | D:4      | Gained mutation: One of your tentacles bears a spike.
                  | [potion of mutation]
   375 | D:4      | Gained mutation: You possess an exceptional clarity of
                  | mind. [potion of mutation]
   485 | D:4      | Slain by a river rat

Levels and vault maps discovered:
D:1:      psy_arrival_terrarium, layout_basic
D:2:      layout_rooms, chequers_serial_rivers_micro_b, uniq_natasha
D:3:      layout_basic, overflow_temple_1_default, first_ration,
          minmay_misc_feat_plants, minivault_23, corexii_leaking_fountain
D:4:      layout_loops_corners, serial_shops, shop, lightli_sewer_entry_pipes

Skill      XL: |  1  2  3  4 |
---------------+-------------+-----
Stealth        | 2 4 |  4.0
Evocations     | 4 |  4.0
Unarmed Combat | 2 3 |  3.8
Fighting       | |  1.0
Short Blades   | |  1.0
Dodging        | |  2.0

Action                   |  1- 3 |  4- 6 || total
-------------------------+-------+-------++-------
Melee: Short sword       |    16 |    19 ||    35
       Tentacles         |     3 |     3 ||     6
       Constrict         |     1 |     7 ||     8
       Unarmed           |       |     4 ||     4
Throw: Dart              |     2 |     4 ||     6
Evoke: Wand              |     7 |     4 ||    11
  Use: Potion            |       |     1 ||     1
 Stab: Paralysed         |     5 |       ||     5
       Sleeping          |       |     5 ||     5
Armor: Skin              |       |     1 ||     1
Dodge: Dodged            |     7 |     8 ||    15

Table legend:
 A = Non-vault XP
 B = Vault XP
 C = Vault XP percentage of total XP
 D = Non-vault monster count
 E = Vault monster count
 F = Vault count percentage of total count
                 A         B        C        D         E       F
            +---------+---------+-------+---------+---------+-------
      Total |     219 |      38 |  14.8 |      16 |       6 |  27.3
            +---------+---------+-------+---------+---------+-------
        D:1 |       4 |       0 |   0.0 |       2 |       0 |   0.0
        D:2 |       6 |       0 |   0.0 |       5 |       0 |   0.0
        D:4 |     209 |      38 |  15.4 |       9 |       6 |  40.0
            +---------+---------+-------+---------+---------+-------
